 Dungeon Crawl Stone Soup version 0.30.1-4-g462c640d31 (webtiles) character file.

Game seed: 14396530837719542383

178 leafyfresh the Covert (level 5, -5/47 HPs)
             Began as a Gnoll Delver on Aug 10, 2023.
             Slain by a gnoll
             ... wielding a +0 spear
              (8 damage)
             ... on level 4 of the Dungeon.
             The game lasted 00:00:53 (319 turns).

leafyfresh the Covert (Gnoll Delver)                 Turns: 319, Time: 00:00:54

Health: -5/47      AC:  3    Str: 12    XL:     5   Next: 58%
Magic:  7/7        EV: 13    Int: 11    God:
Gold:   51         SH:  0    Dex: 13    Spells: 7/7 levels left

rFire   . . .        a - +0 short sword
rCold   . . .        (no shield)
rNeg    . . .        b - +0 leather armour
rPois   .            (no helmet)
rElec   .            h - scarf {harm}
rCorr   .            (no gloves)
SInv    .            (no boots)
Will    .....        (no amulet)
Stlth   ++++         (no ring)
HPRegen 0.27/turn    (no ring)
MPRegen 0.10/turn

%: harm (+30% outgoing, +20% incoming)
@: no status effects
A: fangs 1, strong nose, distributed training
a: no special abilities


You were on level 4 of the Dungeon.
You visited 1 branch of the dungeon, and saw 2 of its levels.

You collected 51 gold pieces.

Inventory:

Hand Weapons
 a - a +0 short sword (weapon)
Armour
 b - a +0 leather armour (worn)
 h - a scarf of harm (worn)
Wands
 g - a wand of digging (3)
Scrolls
 c - a scroll of fog
 d - a scroll of magic mapping
 e - a scroll of fear
 i - a scroll of identify {unknown}
Potions
 f - a potion of haste


   Skills:
 + Level 6.7 Fighting
 + Level 4.8 Short Blades
 + Level 1.6 Long Blades
 + Level 1.6 Axes
 + Level 1.6 Maces & Flails
 + Level 1.6 Polearms
 + Level 1.6 Staves
 + Level 1.6 Ranged Weapons
 + Level 1.6 Throwing
 + Level 1.6 Armour
 + Level 4.8 Dodging
 + Level 9.7 Stealth
 + Level 1.6 Shields
 + Level 1.6 Unarmed Combat
 + Level 1.6 Spellcasting
 + Level 1.3 Conjurations
 + Level 1.3 Hexes
 + Level 1.3 Summonings
 + Level 1.3 Necromancy
 + Level 1.3 Translocations
 + Level 1.3 Transmutations
 + Level 1.3 Fire Magic
 + Level 1.3 Ice Magic
 + Level 1.3 Air Magic
 + Level 1.3 Earth Magic
 + Level 1.3 Poison Magic
 + Level 1.8 Invocations
 + Level 1.6 Evocations


You had 7 spell levels left.
You didn't know any spells.
Your spell library contained the following spells:

 Spells                   Type           Power      Damage    Failure   Level
 Summon Small Mammal      Summ           12%        N/A       22%         1
 Call Canine Familiar     Summ           3%         N/A       56%         3
 Summon Guardian Golem    Hex/Summ       3%         N/A       56%         3


Dungeon Overview and Level Annotations

Branches:
Dungeon (5/15)
 Temple: D:4-7

Altars:

Annotations:
D:4 1 transporter, sheffield53's ghost, amateur DrTm


Innate Abilities, Weirdness & Mutations

You have very sharp teeth.
Your uncanny sense of smell can sniff out nearby items.
Your experience applies equally to all skills.


Message History

The gnoll hits you from afar with a +0 spear.
The gnoll closely misses you.
You hit the gnoll.
The gnoll is heavily wounded.
The gnoll hits you from afar with a +0 spear.
The gnoll hits you with a +0 club.
You closely miss the gnoll.
The gnoll is heavily wounded.
You hit the gnoll. Your bite misses the gnoll.
The gnoll is severely wounded.
The gnoll barely misses you. The gnoll closely misses you.
You hit the gnoll but do no damage.
The gnoll is severely wounded.
The gnoll hits you from afar with a +0 spear.
The gnoll hits you with a +0 club.
You hit the gnoll. You bite the gnoll, but do no damage.
The gnoll is almost dead.
The gnoll hits you from afar with a +0 spear.
The gnoll misses you.
You barely miss the gnoll.
The gnoll is almost dead.
The gnoll hits you from afar with a +0 spear.
* * * LOW HITPOINT WARNING * * *
The gnoll hits you but does no damage.
Unknown command.
You hit the gnoll.
You kill the gnoll!
The gnoll hits you with a +0 spear.
* * * LOW HITPOINT WARNING * * *
You see here a +0 club.
You barely miss the gnoll. The gnoll hits you with a +0 spear.
* * * LOW HITPOINT WARNING * * *
You hit the gnoll. You punch the gnoll.
The gnoll is heavily wounded.
The gnoll hits you with a +0 spear.
* * * LOW HITPOINT WARNING * * *
You completely miss the gnoll.
The gnoll is heavily wounded.
The gnoll hits you with a +0 spear!
You die...

. #.# #.# #.#
#.# #g# #.# #.#
##.#########
#.....g@...#
#..#######.#
#.... #..#.# .#
#....####....#
.#
##............#
.#
#.....####..#.#
(# #©..#
##..#### .#
#...####..## .#
##..#....###


You could see a gnoll.

Vanquished Creatures
  An ogre (D:5)
  A scorpion (D:5)
  An iguana (D:5)
  A gnoll (D:4)
  A giant cockroach (D:4)
  A quokka (D:5)
6 creatures vanquished.

Notes
Turn   | Place    | Note
-------+----------+-------------------------------------------
     0 | D:5      | Reached skill level 9 in Stealth
     0 | D:5      | leafyfresh the Gnoll Delver began the quest for the Orb.
     0 | D:5      | Reached XP level 1. HP: 23/23 MP: 1/1
    10 | D:5      | Noticed a scorpion
    15 | D:5      | Killed a scorpion
    16 | D:5      | Reached skill level 1 in Long Blades
    16 | D:5      | Reached skill level 1 in Axes
    16 | D:5      | Reached skill level 1 in Maces & Flails
    16 | D:5      | Reached skill level 1 in Polearms
    16 | D:5      | Reached skill level 1 in Staves
    16 | D:5      | Reached skill level 1 in Ranged Weapons
    16 | D:5      | Reached skill level 1 in Throwing
    16 | D:5      | Reached skill level 1 in Armour
    16 | D:5      | Reached skill level 1 in Shields
    16 | D:5      | Reached skill level 1 in Unarmed Combat
    16 | D:5      | Reached skill level 1 in Spellcasting
    16 | D:5      | Reached skill level 1 in Invocations
    16 | D:5      | Reached skill level 1 in Evocations
    16 | D:5      | Reached XP level 2. HP: 29/29 MP: 1/3
    16 | D:5      | Reached XP level 3. HP: 35/35 MP: 1/4
    16 | D:5      | Reached XP level 4. HP: 41/41 MP: 1/5
    78 | D:5      | Noticed an ogre
    83 | D:5      | Killed an ogre
    84 | D:5      | Reached skill level 1 in Conjurations
    84 | D:5      | Reached skill level 1 in Hexes
    84 | D:5      | Reached skill level 1 in Summonings
    84 | D:5      | Reached skill level 1 in Necromancy
    84 | D:5      | Reached skill level 1 in Translocations
    84 | D:5      | Reached skill level 1 in Transmutations
    84 | D:5      | Reached skill level 1 in Fire Magic
    84 | D:5      | Reached skill level 1 in Ice Magic
    84 | D:5      | Reached skill level 1 in Air Magic
    84 | D:5      | Reached skill level 1 in Earth Magic
    84 | D:5      | Reached skill level 1 in Poison Magic
    84 | D:5      | Reached XP level 5. HP: 47/47 MP: 5/7
   188 | D:5      | Noticed a water moccasin
   228 | D:4      | Noticed sheffield53's ghost (amateur DrTm)
   228 | D:4      | Found a transporter.
   319 | D:4      | Slain by a gnoll

Illustrated notes

Levels and vault maps discovered:
D:4:      layout_basic, amcnicky_altar_gilded, kennysheep_vampire_church,
          zin_scriptorium, gammafunk_ghost_stat_death
D:5:      layout_basic, reono_crystal_passage

Skill      XL: |  1  2  3  4 |
---------------+-------------+-----
Stealth        | |  9.7
Long Blades    | 1 |  1.6
Axes           | 1 |  1.6
Maces & Flails | 1 |  1.6
Polearms       | 1 |  1.6
Staves         | 1 |  1.6
Ranged Weapons | 1 |  1.6
Throwing       | 1 |  1.6
Armour         | 1 |  1.6
Shields        | 1 |  1.6
Unarmed Combat | 1 |  1.6
Spellcasting   | 1 |  1.6
Invocations    | 1 |  1.8
Evocations     | 1 |  1.6
Conjurations   | 1 |  1.3
Hexes          | 1 |  1.3
Summonings     | 1 |  1.3
Necromancy     | 1 |  1.3
Translocations | 1 |  1.3
Transmutations | 1 |  1.3
Fire Magic     | 1 |  1.3
Ice Magic      | 1 |  1.3
Air Magic      | 1 |  1.3
Earth Magic    | 1 |  1.3
Poison Magic   | 1 |  1.3
Fighting       | |  6.7
Short Blades   | |  4.8
Dodging        | |  4.8

Action                     |  1- 3 |  4- 6 || total
---------------------------+-------+-------++-------
  Melee: Short sword       |     1 |    20 ||    21
         Bite              |       |     2 ||     2
         Punch             |       |     1 ||     1
   Stab: Sleeping          |     1 |     3 ||     4
 Armour: Leather armour    |       |     3 ||     3
  Dodge: Dodged            |       |     7 ||     7
